 Dungeon Crawl Stone Soup version 0.26.1-2-gb8aa6d0cf2 (webtiles) character file.

Game seed: 14568805759054945244

4738 skwiii the Stinger (level 10, 0/74 HPs)
             Began as a Demonspawn Venom Mage on Feb 23, 2021.
             Slain by a two-headed hydra (13 damage)
             ... on level 8 of the Dungeon.
             The game lasted 00:58:01 (19468 turns).

skwiii the Stinger (Demonspawn Venom Mage)         Turns: 19468, Time: 00:58:02

Health: 0/74       AC:  6    Str:  8    XL:     10   Next: 22%
Magic:  0/20       EV: 14    Int: 20    God:
Gold:   611        SH:  0    Dex: 20    Spells: 9/22 levels left

rFire    + . .     SeeInvis .   y - +5 mace of Zoropt {flame, Dex+6}
rCold    . . .     Faith    .   (no shield)
rNeg     . . .     Spirit   +   a - +0 robe
rPois    .         Reflect  .   (no helmet)
rElec    .         Harm     .   F - +0 cloak
rCorr    .         Rampage  .   c - +0 pair of gloves
Will     .....                  (no boots)
Stlth    ++........             (no amulet)
HPRegen  0.22/turn              (no ring)
MPRegen  0.17/turn              (no ring)

@: no status effects
A: talons 2, fire resistance 1, magic shield, sharp scales 2
a: no special abilities


You were on level 8 of the Dungeon.
You visited 1 branch of the dungeon, and saw 9 of its levels.

You collected 611 gold pieces.

Inventory:

Hand Weapons
 d - a +0 whip
 g - a +1 antimagic short sword
 h - a +0 dagger
 l - a +1 quarterstaff of distortion
 y - the +5 mace of Zoropt (weapon) {flame, Dex+6}
   (You found it on level 4 of the Dungeon)

   It has been specially enchanted to burn those struck by it, causing extra
   injury to most foes and up to half again as much damage against particularly
   susceptible opponents.
   It affects your dexterity (+6).
 E - a +2 quarterstaff of chaos
Armour
 a - a +0 robe (worn)
 b - the +8 chain mail "Gaeh" {Str+7 Stlth+, unknown}
   (You found it on level 9 of the Dungeon)

   It affects your strength (+7).
   It makes you more stealthy.
 c - a +0 pair of gloves (worn)
 q - a +2 kite shield
 F - a +0 cloak (worn)
Jewellery
 f - a +4 ring of slaying
 s - an uncursed ring of positive energy
Wands
 o - a wand of polymorph (13)
 w - a wand of iceblast (6)
 A - a wand of enslavement (8)
 D - a wand of acid (15)
 H - a wand of random effects (13)
Scrolls
 e - 6 scrolls of remove curse
 t - 2 scrolls of immolation
 u - 3 scrolls of amnesia
 v - a scroll of fear {unknown}
 z - a scroll of magic mapping {unknown}
Potions
 i - a potion of mutation {unknown}
 k - a potion of magic
 m - 5 potions of curing
 n - 3 potions of attraction
 r - 3 potions of flight
 C - a potion of ambrosia
 G - a potion of berserk rage {unknown}


   Skills:
 + Level 5.3 Fighting
 + Level 2.1 Armour
 + Level 3.0 Dodging
 - Level 1.7 Stealth
 + Level 6.7 Spellcasting
 + Level 5.0 Conjurations
 - Level 2.0 Transmutations
 - Level 5.5 Fire Magic
 - Level 3.4 Air Magic
 + Level 7.3 Poison Magic


You had 9 spell levels left.
You knew the following spells:

 Your Spells              Type           Power        Failure   Level
a - Sting                 Tmut/Pois      100%         1%          1
b - Poisonous Vapours     Pois/Air       56%          1%          2
c - Ignite Poison         Fire/Tmut/Pois 26%          3%          3
d - Mephitic Cloud        Conj/Pois/Air  27%          3%          3
e - Olgreb's Toxic Radia  Pois           36%          4%          4

Your spell library contained the following spells:

 Spells                   Type           Power        Failure   Level


Dungeon Overview and Level Annotations

Branches:
Dungeon (9/15)             Temple (0/1) D:5
   Lair: D:8-11         Orc: D:9-12

Altars:
Dithmenos
Elyvilon
Fedhas
Nemelex Xobeh
Sif Muna
Zin
The Shining One

Shops:
D:7 (

Annotations:
D:5 2 transporters
D:9 3 runed translucent doors, Erolcha, Maggie, Psyche


Innate Abilities, Weirdness & Mutations

You have razor-sharp toenails.
Your flesh is heat resistant. (rF+)
When hurt, damage is shared between your health and your magic reserves.
You are mostly covered in razor-sharp scales. (AC +2, Slay +2)


Message History

Moving in this stuff is going to be slow.
The two-headed hydra closely misses you.
The two-headed hydra bites you!
The two-headed hydra looks more healthy.
You kill the bullfrog!
Things that are here:
a +0 hand axe; 3 boomerangs You enter the shallow water.
Moving in this stuff is going to be slow.
The two-headed hydra closely misses you.
The two-headed hydra bites you but does no damage.
The two-headed hydra barely misses you. The two-headed hydra bites you.
* * * LOW HITPOINT WARNING * * *
The two-headed hydra bites you.
* * * LOW HITPOINT WARNING * * *
The two-headed hydra barely misses you. The two-headed hydra bites you.
* * * LOW HITPOINT WARNING * * *
The two-headed hydra bites you!
You die...

#...#....>..............#####
#########...)...............#
....# #...................#
....# #....)...#..........#
....# #........#..........#
≈≈..# ##########..≈≈..)...#
....# ########....≈..)..#
(...# ##≈≈≈≈≈≈≈≈≈≈≈≈≈≈≈..#
....######.≈###D@.....###≈..#
........)..≈# ######### #≈).#
##########)≈## ##≈..# #.≈.#
#.≈).# #.≈.# #.≈..# #.≈.#
#.≈)## #.≈.# #.≈.# #.≈.#
#.≈.# #)≈.# #.).#


You could see a two-headed hydra.

Vanquished Creatures
  2 dream sheep (D:8)
  2 steam dragons (D:8)
  An orc warrior (D:8)
  2 ice beasts
  3 sky beasts
  4 black bears
  A phantom (D:5)
  5 ogres
  3 centaurs
  7 bullfrogs
  7 big kobolds
  2 scorpions
  3 howler monkeys
  3 wights (D:7)
  A bullfrog zombie (D:8)
  3 orc priests
  A hound (D:6)
  3 jellies
  Crazy Yiuf (D:7)
  A centaur skeleton (D:7)
  2 bullfrog skeletons
  5 orc wizards
  4 iguanas
  2 worker ants (D:8)
  Robin (D:2)
  A worker ant zombie (D:5)
  A howler monkey skeleton (D:7)
  12 gnolls
  12 adders
  3 shadow imps
  2 white imps (D:6)
  4 ufetubi
  2 adder zombies
  2 adder skeletons
  4 worms
  3 dart slugs
  4 leopard geckos
  26 orcs
  2 giant cockroaches
  39 goblins
  32 hobgoblins
  15 jackals
  4 quokkas
  A ball python (D:1)
  8 bats
  5 frilled lizards
  A giant cockroach zombie (D:5)
  3 jackal skeletons
  24 kobolds
  8 rats
287 creatures vanquished.

Vanquished Creatures (others)
  6 plants (D:8)
6 creatures vanquished.

Grand Total: 293 creatures vanquished

Notes
Turn   | Place    | Note
-------+----------+-------------------------------------------
     0 | D:1      | skwiii the Demonspawn Venom Mage began the quest for the
                  | Orb.
     0 | D:1      | Reached XP level 1. HP: 13/13 MP: 3/3
    72 | D:1      | Reached skill level 1 in Transmutations
   151 | D:1      | Gained mutation: You have sharp toenails. [demonic
                  | ancestry]
   151 | D:1      | Reached XP level 2. HP: 19/19 MP: 0/5
   296 | D:1      | Learned a level 2 spell: Poisonous Vapours
   912 | D:1      | Gained mutation: Your flesh is heat resistant. (rF+)
                  | [demonic ancestry]
   912 | D:1      | Reached XP level 3. HP: 24/24 MP: 4/6
  2160 | D:2      | Learned a level 3 spell: Ignite Poison
  2211 | D:2      | Gained mutation: You are partially covered in razor-sharp
                  | scales. (AC +1, Slay +1) [demonic ancestry]
  2211 | D:2      | Reached XP level 4. HP: 30/30 MP: 0/8
  2394 | D:2      | Reached skill level 1 in Air Magic
  2471 | D:2      | Noticed Robin
  2474 | D:2      | Killed Robin
  2896 | D:2      | Found a glowing golden altar of the Shining One.
  2898 | D:2      | Found a glowing silver altar of Zin.
  2901 | D:2      | Found a shimmering blue altar of Sif Muna.
  3858 | D:3      | Gained mutation: When hurt, damage is shared between your
                  | health and your magic reserves. [demonic ancestry]
  3858 | D:3      | Reached XP level 5. HP: 35/35 MP: 3/10
  5252 | D:3      | Reached skill level 1 in Fire Magic
  5252 | D:3      | Reached skill level 4 in Poison Magic
  5754 | D:3      | Gained mutation: You are mostly covered in razor-sharp
                  | scales. (AC +2, Slay +2) [demonic ancestry]
  5754 | D:3      | Reached XP level 6. HP: 22/41 MP: 1/11
  6609 | D:3      | Learned a level 3 spell: Mephitic Cloud
  6614 | D:3      | Learned a level 4 spell: Olgreb's Toxic Radiance
  8349 | D:4      | Found a blossoming altar of Fedhas.
  8443 | D:4      | Reached XP level 7. HP: 45/46 MP: 8/13
  8585 | D:4      | Found a sand-covered staircase.
  8908 | D:4      | Got a dazzling mace
  8911 | D:4      | Identified the +5 mace of Zoropt {flame, Dex+6} (You found
                  | it on level 4 of the Dungeon)
  9183 | D:4      | Found a shadowy altar of Dithmenos.
  9464 | D:5      | Entered Level 5 of the Dungeon
 10110 | D:5      | Found a white marble altar of Elyvilon.
 10127 | D:5      | Reached skill level 1 in Fighting
 10127 | D:5      | Reached skill level 5 in Poison Magic
 10807 | D:5      | Found a transporter.
 10807 | D:5      | Found a transporter.
 10847 | D:5      | Gained mutation: You have razor-sharp toenails. [demonic
                  | ancestry]
 10847 | D:5      | Reached XP level 8. HP: 51/56 MP: 13/15
 10961 | D:5      | Reached skill level 5 in Spellcasting
 10961 | D:5      | Reached skill level 1 in Conjurations
 11133 | D:5      | Found a staircase to the Ecumenical Temple.
 12790 | D:6      | Reached skill level 6 in Poison Magic
 14011 | D:7      | Found Rulujeg's Weapon Boutique.
 14021 | D:7      | Reached XP level 9. HP: 65/65 MP: 9/17
 15437 | D:7      | Found a runed translucent door.
 15437 | D:7      | Noticed Crazy Yiuf
 15545 | D:7      | Killed Crazy Yiuf
 15652 | D:8      | Reached skill level 5 in Fire Magic
 15661 | D:8      | Found a white marble altar of Elyvilon.
 15823 | D:8      | Found a flagged portal.
 16556 | D:8      | Reached skill level 1 in Armour
 16636 | D:8      | Reached skill level 7 in Poison Magic
 16840 | D:8      | Reached skill level 5 in Fighting
 16934 | D:8      | Found a sparkling altar of Nemelex Xobeh.
 16981 | D:8      | Reached XP level 10. HP: 30/74 MP: 5/19
 17482 | D:8      | Noticed a two-headed hydra
 18975 | D:9      | Noticed Psyche
 18975 | D:9      | Noticed Maggie
 19023 | D:9      | Noticed Erolcha
 19142 | D:9      | Got a masterwork chain mail
 19160 | D:9      | Found a runed translucent gate.
 19160 | D:9      | Found a runed translucent gate.
 19160 | D:9      | Found a runed translucent gate.
 19160 | D:9      | Noticed a white ugly thing
 19161 | D:9      | Noticed a cyan ugly thing
 19161 | D:9      | Noticed a green ugly thing
 19161 | D:9      | Noticed a purple very ugly thing
 19226 | D:9      | Noticed a white ugly thing
 19227 | D:9      | Noticed a green ugly thing
 19247 | D:8      | Reached skill level 5 in Conjurations
 19468 | D:8      | Slain by a two-headed hydra

Illustrated notes

Levels and vault maps discovered:
D:1:      saegor_arrival_miasma, layout_basic, minmay_misc_feat_doors
D:2:      layout_rooms, grunt_temple_overflow_open, uniq_robin
D:3:      minmay_goblin_kobold_castle, layout_loops_ring,
          minmay_fractal_squares_diagonal_5
D:4:      layout_basic, fedhas_altar_fruit_tree, nicolae_dithmenos_the_darkroom,
          enter_ossuary_5
D:5:      gammafunk_steamed_eel, layout_basic, minmay_temple_entry_grid,
          elyvilon_altar_3
D:6:      layout_gridville
D:7:      layout_rooms, serial_shops, shop, uniq_crazy_yiuf_cottage
D:8:      cheibrodos_steamvent, layout_basic, nemelex_xobeh_ov_fountains_minmay,
          basic_altar, lightli_bailey_entry_fortress, hangedman_ranch
          [blue_anna_fruit_fields]
D:9:      layout_loops_cross, marbit_many_paths, minmay_lair_entry_grove,
          orc_0_dummy, ploomutoo_gammafunk_ghost_potion_laboratory,
          serial_shops, shop, grunt_ministairs_8, uniq_psyche, uniq_gastronok,
          uniq_maggie, uniq_grum, uniq_erolcha

Skill      XL: |  1  2  3  4  5  6  7  8  9 10 |
---------------+-------------------------------+-----
Transmutations | 1 2 |  2.0
Spellcasting   | 3 4 5 6 |  6.7
Air Magic      | 1 2 3 |  3.4
Fire Magic     | 1 2 3 4 5 |  5.5
Poison Magic   | 4 5 6 7 |  7.3
Fighting       | 1 3 5 |  5.3
Conjurations   | 3 4 5 |  5.0
Dodging        | 2 3 |  3.0
Armour         | 1 2 |  2.1
Stealth        | |  1.7

Action                   |  1- 3 |  4- 6 |  7- 9 | 10-12 || total
-------------------------+-------+-------+-------+-------++-------
Melee: Quarterstaff      |       |    15 |       |       ||    15
       Kick              |       |     3 |    22 |     2 ||    27
       Mace              |       |       |    80 |     4 ||    84
 Cast: Sting             |    26 |    67 |    56 |    17 ||   166
       Poisonous Vapours |    33 |   113 |   180 |    23 ||   349
       Olgreb's Toxic Ra |       |     1 |     3 |     2 ||     6
       Ignite Poison     |       |       |    15 |     6 ||    21
       Mephitic Cloud    |       |       |       |     1 ||     1
  Use: Scroll            |     1 |    11 |     7 |     3 ||    22
       Potion            |     1 |     2 |     1 |     2 ||     6
 Stab: Sleeping          |       |       |     1 |       ||     1
Armor: Robe              |    13 |    25 |    60 |    12 ||   110
Dodge: Dodged            |    52 |    78 |   149 |    48 ||   327
